 Dungeon Crawl Stone Soup version 0.29-a0-283-ga02f740833 (webtiles) character file.

Game seed: 502433504999134486

63 Zonian the Chiller (level 3, -2/24 HPs)
             Began as a Demonspawn Ice Elementalist on Mar 13, 2022.
             Was an Initiate of Yredelemnul.
             Slain by an orc
             ... wielding a +0 club
              (4 damage)
             ... on level 2 of the Dungeon.
             The game lasted 00:05:31 (2630 turns).

Zonian the Chiller (Demonspawn Ice Elementalist)    Turns: 2630, Time: 00:05:31

Health: -2/24      AC:  4    Str:  8    XL:     3   Next: 87%
Magic:  6/6        EV: 12    Int: 18    God:    Yredelemnul [......]
Gold:   104        SH:  0    Dex: 13    Spells: 6/7 levels left

rFire   + . .      SeeInvis .   e - +0 short sword
rCold   . . .      Faith    .   (no shield)
rNeg    . . .      Spirit   .   j - +2 robe {rF+}
rPois   .          Reflect  .   (helmet restricted)
rElec   .          Harm     .   (no cloak)
rCorr   .          Rampage  .   (no gloves)
Will    .....                   (no boots)
Stlth   ++........              f - amulet of magic regeneration
HPRegen 0.08/turn               (no ring)
MPRegen 0.50/turn               (no ring)

@: very slightly contaminated
A: antennae 1
a: Renounce Religion, Recall Undead Harvest


You were on level 2 of the Dungeon.
You worshipped Yredelemnul.
Yredelemnul was noncommittal.
You visited 1 branch of the dungeon, and saw 2 of its levels.

You collected 104 gold pieces.

Inventory:

Hand Weapons
 e - a +0 short sword (weapon)
 g - a +0 club
Missiles
 h - 5 boomerangs
Armour
 a - a +0 robe
 j - a +2 robe of fire resistance (worn)
Jewellery
 f - an amulet of magic regeneration (around neck)
Scrolls
 c - 4 scrolls of teleportation {unknown}
 d - 4 scrolls of identify {unknown}
 i - a scroll of amnesia {unknown}
 k - a scroll of noise {unknown}
Potions
 b - a potion of magic


   Skills:
 + Level 2.3 Dodging
 + Level 2.4 Stealth
 + Level 2.5 Spellcasting
 + Level 4.0 Ice Magic
 + Level 1.3 Invocations


You had 6 spell levels left.
You knew the following spells:

 Your Spells              Type           Power      Damage    Failure   Level
a - Freeze                Ice            64%        1d8       3%          1

Your spell library contained the following spells:

 Spells                   Type           Power      Damage    Failure   Level
 Frozen Ramparts          Ice            32%        1d5       10%         3
 Ozocubu's Armour         Ice            16%        N/A       10%         3
 Hailstorm                Conj/Ice       9%         3d4       58%         4


Dungeon Overview and Level Annotations

Branches:
Dungeon (2/15)

Altars:
Yredelemnul

Shops:
D:1 (   D:2 [


Innate Abilities, Weirdness & Mutations

You have a pair of small antennae on your head.


Message History

The orc hits your jackal zombie with a +0 trident.
Your jackal zombie is destroyed!
The goblin shoots a sling bullet.
The sling bullet hits your hobgoblin zombie.
Your hobgoblin zombie is destroyed!
The orc hits your spectral endoplasm with a +0 trident.
Your spectral endoplasm is destroyed!
The goblin shoots a sling bullet.
The sling bullet misses you.
Unknown command.
The orc hits you from afar with a +0 trident.
Unknown command.
Casting: Freeze (safe; 3% risk of failure)
Confirm with . or Enter, or press ? or * to list all spells.
Aiming: Freeze (safe; 3% risk of failure)
Press: ? - help, Shift-Dir - straight line, f - goblin, p - orc
Aim: a goblin, wielding a +0 hunting sling You freeze the goblin!
You kill the goblin!
The orc hits you from afar with a +0 trident.
* * * LOW HITPOINT WARNING * * *
Casting: Freeze (safe; 3% risk of failure)
Confirm with . or Enter, or press ? or * to list all spells.
Aiming: Freeze (safe; 3% risk of failure)
Press: ? - help, Shift-Dir - straight line, f - orc
Aim: an orc, wielding a +0 club You miscast Freeze.
You are very lightly contaminated with residual magic.
Nothing appears to happen.
The orc hits you with a +0 club.
* * * LOW HITPOINT WARNING * * *
Okay, then.
Okay, then.
You aren't carrying any items that you can evoke.
Unknown command.
The orc hits something with a +0 flail.
The orc attacks as you move away! The orc hits you with a +0 club.
* * * LOW HITPOINT WARNING * * *
The orc attacks as you move away! The orc hits you but does no damage.
The orc attacks as you move away! The orc hits you with a +0 club.
You die...
Your body rises from the dead as a mindless zombie.

.###...##.#####.#
.##.....#.# #.#
.#........#####.#
.#...........##.#
.#........##.##.#
........#.##.##.#
.......##.##.##.##
....#.###........#
##.##.# ########@#
......# #o# ##.#### #o#
##+## ##.## #...#######
##.#.#####
.....#....####.###....#
................o{....#
..∩.....##########o#..#
........# #.?#..#


You could see 2 orcs.

Vanquished Creatures
  4 dart slugs
  3 orcs (D:2)
  3 bats (D:1)
  4 endoplasms
  A giant cockroach (D:1)
  6 goblins
  3 hobgoblins
  4 jackals
  5 kobolds
  A quokka (D:1)
  2 ball pythons (D:1)
  4 frilled lizards
  3 rats (D:1)
43 creatures vanquished.

Vanquished Creatures (collateral kills)
  A giant cockroach (D:1)
  A hobgoblin (D:2)
  2 jackals
4 creatures vanquished.

Vanquished Creatures (others)
  2 dart slug zombies (D:2)
  A frilled lizard zombie (D:1)
  2 hobgoblin zombies (D:2)
  3 jackal zombies (D:2)
  A kobold zombie (D:2)
  An orc zombie (D:2)
  2 spectral endoplasms (D:2)
12 creatures vanquished.

Grand Total: 59 creatures vanquished

Notes
Turn   | Place    | Note
-------+----------+-------------------------------------------
     0 | D:1      | Zonian the Demonspawn Ice Elementalist began the quest for
                  | the Orb.
     0 | D:1      | Reached XP level 1. HP: 13/13 MP: 3/3
   240 | D:1      | Found a faded altar of an unknown god.
   250 | D:1      | Prayed at the altar of an unknown god.
   250 | D:1      | Became a worshipper of Yredelemnul the Dark
   327 | D:1      | Reached * piety under Yredelemnul
   328 | D:1      | Discovered your monstrous ancestry.
   328 | D:1      | Gained mutation: You have a pair of small antennae on your
                  | head. [demonic ancestry]
   328 | D:1      | Reached XP level 2. HP: 13/19 MP: 0/5
   606 | D:1      | Reached ** piety under Yredelemnul
  1376 | D:1      | Reached XP level 3. HP: 19/24 MP: 4/6
  1548 | D:1      | Found Eruyn's Weapon Emporium.
  1902 | D:2      | Reached skill level 1 in Invocations
  2450 | D:2      | Reached skill level 4 in Ice Magic
  2572 | D:2      | Found Vufryl's Armour Emporium.
  2627 | D:2      | HP: 1/24 [orc/+0 club (1)]
  2630 | D:2      | Slain by an orc

Illustrated notes

Levels and vault maps discovered:
D:1:      dpeg_arrival_oval, layout_basic, serial_shops, nicolae_square_shop,
          hellmonk_ecumenical_altar_leap_of_faith, amethyst_killhole,
          minmay_misc_feat_diagonals
D:2:      layout_loops_corners, serial_shops, shop, guppyfry_early_orc_mine,
          uniq_robin

Skill      XL: |  1  2  3 |
---------------+----------+-----
Dodging        | 2 |  2.3
Stealth        | 2 |  2.4
Invocations    | 1 |  1.3
Ice Magic      | 4 |  4.0
Spellcasting   | |  2.5

Action                   || total
-------------------------++-------
Melee: Unarmed           ||     7
       Short sword       ||    67
 Cast: Freeze            ||    29
 Stab: Sleeping          ||     3
       Distracted        ||     1
Armor: Robe              ||    23
Dodge: Dodged            ||    62

Table legend: (Time is in decaauts)
 A = Elapsed time spent in this place.
 B = Non-inter-level travel time spent in this place.
 C = Inter-level travel time spent in this place.
 D = Time resting spent in this place.
 E = Time spent auto-exploring this place.
 F = Levels seen in this place.
 G = Mean time per level.
                   A        B        C        D        E       F      G
               +--------+--------+--------+--------+--------+-----+--------+
         Total |   3197 |   3088 |    109 |    778 |   1826 |   2 | 1598.5 |
       Dungeon |   3197 |   3088 |    109 |    778 |   1826 |   2 | 1598.5 |
               +--------+--------+--------+--------+--------+-----+--------+

Top non-repeatable levels by time:
     D:1: 2146 daAuts
     D:2: 1050 daAuts
